[Event "European Womens-ch 2025"]
[Site "Rhodes"]
[Date "2025.04.11"]
[Round "11.60"]
[White "Zvereva, Marija"]
[Black "Lamprianou, Marianna"]
[Result "1-0"]
[Annotator "NA"]
[ECO "A03"]
[WhiteElo "2033"]
[BlackElo "1498"]
[PlyCount "79"]
[EventDate "2025.03.29"]
[EventType "swiss"]
[EventCountry "GRE"]
[SourceTitle "playchess.com"]
[Source "ChessBase"]
[SourceQuality "1"]
[TimeControl "40/5400+30:1800+30"]

1. f4 d5 2. Nf3 Nc6 3. g3 Nf6 4. Bg2 Bf5 5. O-O e6 6. d3 Bc5+ 7. e3 O-O 8. h3 h5 9. Qe2 Re8 10. Ne5 Qd6 11. Nc3 Bxe3+ 12. Bxe3 d4 13. Bf2 dxc3 14. bxc3 a6 15. Rab1 Rab8 16. Kh2 Na5 17. c4 Qa3 18. g4 Bg6 19. g5 Nh7 20. Bf3 Bf5 21. Bxh5 g6 22. Bf3 Qe7 23. h4 Red8 24. Be1 b6 25. Kg3 f6 26. Ng4 Bxg4 27. Bxg4 f5 28. Bf3 Nb7 29. Bc3 Nf8 30. Bf6 Qd6 31. Bxb7 Rxb7 32. Bxd8 Qxd8 33. h5 Qe8 34. hxg6 Qxg6 35. Rh1 Nh7 36. Rh6 Qf7 37. Rbh1 Nf8 38. Rh8+ Kg7 39. Qe5+ Kg6 40. R1h6# 1-0

[Event "European Womens-ch 2025"]
[Site "Rhodes"]
[Date "2025.04.11"]
[Round "11.61"]
[White "Mitraka, Chrysoula-Paraskevi"]
[Black "Kiousi, Panagiota"]
[Result "0-1"]
[Annotator "NA"]
[ECO "E32"]
[WhiteElo "1820"]
[BlackElo "1998"]
[PlyCount "142"]
[EventDate "2025.03.29"]
[EventType "swiss"]
[EventCountry "GRE"]
[SourceTitle "playchess.com"]
[Source "ChessBase"]
[SourceQuality "1"]
[TimeControl "40/5400+30:1800+30"]

1. d4 Nf6 2. c4 e6 3. Nc3 Bb4 4. Qc2 O-O 5. a3 Bxc3+ 6. Qxc3 b6 7. Bg5 Bb7 8. f3 h6 9. Bh4 d5 10. e3 Nbd7 11. cxd5 exd5 12. Bd3 Re8 13. Ne2 Qe7 14. Bf2 Nf8 15. O-O Rac8 16. Qd2 c5 17. Rac1 Ne6 18. Rfe1 Qf8 19. Ng3 g6 20. Bc2 h5 21. h4 Qh6 22. Rcd1 Re7 23. Bb1 Rd7 24. Qe2 Qg7 25. Rc1 Ne8 26. Red1 Qf6 27. Nf1 N8g7 28. Qd2 Rcd8 29. Bc2 Nf5 30. Bxf5 Qxf5 31. Bg3 Qf6 32. Qf2 Qg7 33. Rc2 f6 34. Rcc1 Qe7 35. Qc2 Kh7 36. Qf2 Ng7 37. Qe1 Re8 38. Bf2 Ba6 39. Ng3 Ne6 40. Qd2 f5 41. Ne2 Bxe2 42. Qxe2 Nxd4 43. Qe1 Nc6 44. Qc3 Ne5 45. b3 c4 46. bxc4 Nxc4 47. Rd3 b5 48. Rcd1 Red8 49. Qb3 a6 50. Be1 Qe6 51. Bg3 Re8 52. Bf4 Qc6 53. Bg5 Qc5 54. Bf4 Re6 55. Rb1 Rde7 56. Re1 d4 57. Rxd4 Nxe3 58. Bxe3 Rxe3 59. Rxe3 Qxd4 60. Kf2 Qd2+ 61. Kg3 Qxe3 62. Qb4 Qe1+ 63. Qxe1 Rxe1 64. f4 Re3+ 65. Kh2 Rxa3 66. Kh1 b4 67. Kh2 b3 68. Kh1 b2 69. Kh2 b1=Q 70. g4 Ra2+ 71. Kg3 Qd3# 0-1

[Event "European Womens-ch 2025"]
[Site "Rhodes"]
[Date "2025.04.11"]
[Round "11.62"]
[White "Kosma, Maria"]
[Black "Bania, Eleni"]
[Result "1/2-1/2"]
[Annotator "NA"]
[ECO "C75"]
[WhiteElo "1826"]
[BlackElo "1809"]
[PlyCount "21"]
[EventDate "2025.03.29"]
[EventType "swiss"]
[EventCountry "GRE"]
[SourceTitle "playchess.com"]
[Source "ChessBase"]
[SourceQuality "1"]
[TimeControl "40/5400+30:1800+30"]

1. e4 e5 2. Nf3 Nc6 3. Bb5 a6 4. Ba4 d6 5. d3 Bd7 6. c3 g6 7. Bg5 Be7 8. Bxe7 Qxe7 9. c4 f5 10. Nc3 Nf6 11. Qd2 1/2-1/2

[Event "European Womens-ch 2025"]
[Site "Rhodes"]
[Date "2025.04.11"]
[Round "11.63"]
[White "Revelioti, Eleni Nefeli"]
[Black "Harutyunyan, Gabriela"]
[Result "0-1"]
[Annotator "NA"]
[ECO "B33"]
[WhiteElo "1470"]
[BlackElo "1793"]
[PlyCount "64"]
[EventDate "2025.03.29"]
[EventType "swiss"]
[EventCountry "GRE"]
[SourceTitle "playchess.com"]
[Source "ChessBase"]
[SourceQuality "1"]
[TimeControl "40/5400+30:1800+30"]

1. e4 c5 2. Nf3 Nc6 3. d4 cxd4 4. Nxd4 e5 5. Nxc6 bxc6 6. Nc3 Nf6 7. Bc4 Bb4 8. Bg5 h6 9. Bxf6 Qxf6 10. Qd3 Rb8 11. a3 Bc5 12. Qd2 O-O 13. O-O d6 14. Qd3 Be6 15. Bxe6 fxe6 16. b4 Bxf2+ 17. Kh1 Qe7 18. Rad1 Bb6 19. h3 Rxf1+ 20. Rxf1 Rf8 21. Rd1 d5 22. Na4 Bf2 23. Rf1 Qh4 24. exd5 exd5 25. Qg6 Qc4 26. Qd3 Qxd3 27. cxd3 e4 28. dxe4 dxe4 29. Nc3 e3 30. Ne2 Rd8 31. Nc3 Rd3 32. Ne2 Rd2 0-1

[Event "European Womens-ch 2025"]
[Site "Rhodes"]
[Date "2025.04.11"]
[Round "11.65"]
[White "Korinioti, Myrto"]
[Black "Kaka, Rengina Tsampika"]
[Result "1-0"]
[Annotator "NA"]
[ECO "B01"]
[WhiteElo "1667"]
[BlackElo "1509"]
[PlyCount "121"]
[EventDate "2025.03.29"]
[EventType "swiss"]
[EventCountry "GRE"]
[SourceTitle "playchess.com"]
[Source "ChessBase"]
[SourceQuality "1"]
[TimeControl "40/5400+30:1800+30"]

1. e4 d5 2. exd5 Qxd5 3. Nc3 Qa5 4. d4 Nf6 5. Bc4 Bf5 6. Bd2 c6 7. Nf3 e6 8. Qe2 Bd6 9. O-O-O O-O 10. Nd5 Qd8 11. Nxf6+ Qxf6 12. Bg5 Qg6 13. Rdg1 Bg4 14. Qe3 h6 15. Bf4 Bxf4 16. Qxf4 Bf5 17. Ne5 Qg5 18. Qxg5 hxg5 19. c3 Rd8 20. h4 g4 21. Be2 Nd7 22. Nxg4 Bxg4 23. Bxg4 Kf8 24. h5 Ke7 25. Re1 Nf6 26. Bf3 Rac8 27. Re5 Kd7 28. Rg5 Rg8 29. Rh3 Nh7 30. Re5 Kc7 31. Rg3 b5 32. Be4 Ng5 33. Rexg5 f5 34. Rxg7+ Rxg7 35. Rxg7+ Kb6 36. Bf3 Re8 37. Rg6 Ka5 38. h6 a6 39. h7 Rh8 40. Rxe6 Rxh7 41. Rxc6 Rh1+ 42. Kc2 b4 43. d5 bxc3 44. Rxc3 Rh6 45. Rc6 Rh8 46. d6 Rd8 47. Kc3 Kb5 48. Kd4 f4 49. Ke5 Rf8 50. d7 a5 51. Rc8 Rxc8 52. dxc8=Q a4 53. Qc6+ Kb4 54. a3+ Ka5 55. Qc3+ Kb6 56. Qb4+ Kc7 57. Qxa4 Kb6 58. b4 Kc7 59. b5 Kc8 60. Kd6 Kb8 61. Qa8# 1-0